AoeStats
← Aragorn

Arabian Desert

510422547Analyzed
1v1 RM · 14h ago on Sep 30, 2026· 52m 38s· 2 players
Game mode
Random Map
Map size
Tiny (2 player)
Population
200
Speed
Normal
Resources
Standard
Victory
Conquest
Starting age
Dark Age
Ending age
Imperial Age
RankedLock teamsTeams togetherTeam positionsShared explorationLock speedFull tech treeHidden civsTurbo modeCheats
Victory
Defeat
🇨🇴 Burgundians · Colombia
1136
+17
🇦🇷 Inca · Argentina
1162
-17
Aragorn
5:36 Double-Bit Axe
7:26 Loom
9:46 Feudal Age
8:12 Horse Collar
12:12 Bow Saw
12:14 Heavy Plow
17:48 Gold Mining
18:37 Wheelbarrow
22:57 Castle Age
23:49 Scale Barding Armor
23:47 Cavalier
24:29 Fletching
26:53 Chain Barding Armor
29:36 Husbandry
30:59 Forging
35:34 Hand Cart
35:52 Crop Rotation
36:23 Two-Man Saw
36:37 Devotion
37:15 Iron Casting
38:23 Gold Shaft Mining
37:39 Stone Mining
39:47 Fervor
42:13 Imperial Age
40:48 Masonry
41:34 Stone Shaft Mining
41:22 Herbal Medicine
43:59 Chemistry
43:30 Architecture
43:42 Hoardings
43:28 Conscription
43:52 Hoardings
44:56 Plate Barding Armor
47:52 Paladin
50:19 Blast Furnace
Joaco
6:09 Loom
9:22 Feudal Age
10:13 Double-Bit Axe
10:20 Horse Collar
11:38 Champi Runner
15:07 Scale Mail Armor
19:01 Wheelbarrow
19:16 Forging
24:27 Castle Age
23:25 Fletching
26:28 Bow Saw
27:10 Iron Casting
28:10 Bodkin Arrow
27:39 Champi Warrior
29:13 Chain Mail Armor
29:02 Squires
28:48 Arson
28:55 Pikeman
33:00 Gold Mining
33:16 Heavy Plow
33:08 Stone Mining
39:14 Imperial Age
37:33 Hand Cart
38:36 Stone Shaft Mining
41:14 Blast Furnace
40:52 Plate Mail Armor
40:07 Halberdier
49:24 Elite Champi Warrior
50:44 Bodkin Arrow
50:50 Padded Archer Armor
50:36 Elite Skirmisher
51:55 Bracer
Connection lost

Rejoining the realm…

Still unreachable

The connection could not be restored.

Session expired

The server has moved on; the page needs a fresh start.